 Dungeon Crawl Stone Soup version 0.31-a0-229-g1fc7ce93e2 (webtiles) character file.

Game seed: 14889691834606247168

137 qw the Shooter (level 5, 0/30 HPs)
             Began as a Gargoyle Hexslinger on July 6, 2023.
             Slain by Grinder (2 damage)
             ... on level 3 of the Dungeon.
             The game lasted 00:01:04 (2100 turns).

qw the Shooter (Gargoyle Hexslinger)                Turns: 2100, Time: 00:01:05

Health: 0/30       AC: 12    Str: 11    XL:     5   Next: 20%
Magic:  6/6        EV: 10    Int: 14    God:
Gold:   87         SH:  0    Dex: 14    Spells: 5/6 levels left

rFire   . . .        Y - +1 sling
rCold   . . .        (no shield)
rNeg    + . .        f - +0 ring mail
rPois   inf          (no helmet)
rElec   +            (no cloak)
rCorr   .            (no gloves)
SInv    .            j - +2 pair of boots
Will    .....        (no amulet)
Stlth   +            (no ring)
HPRegen 0.25/turn    (no ring)
MPRegen 0.10/turn

%: no passive effects
@: no status effects
A: sickness immunity, AC +4, negative energy resistance 1, electricity
resistance, torment resistance 1, petrification resistance
a: no special abilities


You were on level 3 of the Dungeon.
You visited 1 branch of the dungeon, and saw 3 of its levels.

You collected 87 gold pieces.


Innate Abilities, Weirdness & Mutations

You are immune to sickness and miasma.
Your stone body is resilient. (AC +4)
You are immune to poison.
You resist negative energy. (rN+)
You are resistant to electric shocks. (rElec)
You are resistant to unholy torment.
You are immune to petrification.


   Skills:
 - Level 2.0 Fighting
 + Level 4.8 Ranged Weapons
 - Level 1.0 Armour
 - Level 1.5 Dodging
 - Level 1.0 Spellcasting
 - Level 2.6 Hexes


You had 5 spell levels left.
You knew the following spells:

 Your Spells              Type           Power      Damage    Failure   Level
a - Slow                  Hex            32%        N/A       21%         1

Your spell library contained the following spells:

 Spells                   Type           Power      Damage    Failure   Level
 Inner Flame              Hex/Fire       4%         N/A       71%         3
 Portal Projectile        Hex/Tloc       8%         N/A       71%         3
 Cause Fear               Hex            4%         N/A       90%         4

Inventory:

Hand Weapons
 Y - a +1 sling (weapon)
Armour
 f - a +0 ring mail (worn)
 j - a +2 pair of boots (worn)
Jewellery
 g - a ring of fire
Scrolls
 a - a scroll of identify
 m - a scroll of enchant armour
Potions
 b - a potion of brilliance {unknown}
 d - 2 potions of degeneration {unknown}
 h - a potion of attraction {unknown}
 k - a potion of curing {unknown}
 l - a potion of haste {unknown}

Dungeon Overview and Level Annotations

Branches:
Dungeon (3/15)

Altars:
Elyvilon

Annotations:
D:3 Grinder


Message History

You can move again.
You shoot a sling bullet.
The sling bullet closely misses Grinder.
Grinder hits you but does no damage.
Grinder says, "FISH!"
Grinder hits you but does no damage.
You shoot a sling bullet.
The sling bullet hits Grinder but does no damage.
Grinder is severely wounded.
Grinder hits you but does no damage.
You shoot a sling bullet.
The sling bullet hits Grinder but does no damage.
Grinder is severely wounded.
Grinder gestures at you. You resist with significant effort.
You shoot a sling bullet. The sling bullet hits Grinder.
Grinder is severely wounded.
Grinder closely misses you.
You shoot a sling bullet. The sling bullet barely misses Grinder.
Grinder hits you but does no damage. Grinder gestures at you.
You suddenly lose the ability to move!
Grinder hits you!
You writhe in agony.
Grinder gestures at you. You resist with significant effort.
You can move again.
You shoot a sling bullet. The sling bullet hits Grinder.
Grinder is severely wounded.
Grinder gestures at you.
You shrug off the repeated paralysis!
You shoot a sling bullet. The sling bullet hits Grinder.
Grinder is severely wounded.
Grinder hits you.
You shoot a sling bullet. The sling bullet hits Grinder.
Grinder is almost dead.
Grinder hits you.
You writhe in agony.
You shoot a sling bullet. The sling bullet hits Grinder.
Grinder is almost dead.
Grinder hits you.
You die...

..##.....#.# .#
.......).#.#
##..#......#
##.....#####
######..##..
......).##.# ##########
.......%##.# #.....#...
........##.# #.....#...
.......@##.# #.....#.).
........5..# #.....##..
........#..## #.....##..
........#...###.....##..
........##.........<...#
...####..........)%.....
...#..#........%..####..
.. #..............# #..
#._............# #..


You could see Grinder.

Vanquished Creatures
  7 adders
  3 worms
  2 dart slugs
  An orc (D:3)
  2 ball pythons (D:2)
  7 bats
  8 endoplasms
  A giant cockroach (D:1)
  6 goblins
  5 hobgoblins
  2 jackals (D:2)
  3 quokkas
  A frilled lizard (D:3)
  5 kobolds
  7 rats
60 creatures vanquished.

Notes
Turn   | Place    | Note
-------+----------+-------------------------------------------
     0 | D:1      | qw the Gargoyle Hexslinger began the quest for the Orb.
     0 | D:1      | Reached XP level 1. HP: 12/12 MP: 2/2
     0 | D:1      | 0 ||| qw: Version: 0.3-a-46-gb1f654a
     0 | D:1      | 0 ||| qw: Game counter: 1428
     0 | D:1      | 0 ||| qw: Melee chars always use a shield: true
     0 | D:1      | 0 ||| qw: God list: Okawaru
     0 | D:1      | 0 ||| qw: Allow faded altars: false
     0 | D:1      | 0 ||| qw: Do Orc after clearing Dungeon:15 true
     0 | D:1      | 0 ||| qw: Do second Lair branch before Depths: true
     0 | D:1      | 0 ||| qw: Lair rune preference: random
     0 | D:1      | 0 ||| qw: Goals: Normal
     0 | D:1      | 0 ||| PLANNING D:1-11
    77 | D:1      | Reached XP level 2. HP: 16/16 MP: 3/3
   100 | D:1      | HP: 3/16 [hobgoblin (3)]
   102 | D:1      | Reached skill level 3 in Ranged Weapons
   588 | D:1      | Reached XP level 3. HP: 21/21 MP: 4/4
   699 | D:1      | 699 ||| UPGRADING to +0 ring mail.
   709 | D:1      | 709 ||| DROPPING +0 robe.
   710 | D:1      | 710 ||| UPGRADING to +0 pair of boots.
   715 | D:1      | 715 ||| DROPPING ring of flight.
   716 | D:1      | 716 ||| READING 2 scrolls labelled EPNOMO OQAO.
   717 | D:1      | 717 ||| READING scroll labelled EGIOC MINTAE.
   718 | D:1      | 718 ||| READING scroll labelled XIOJOLANIV.
   719 | D:1      | 719 ||| READING scroll labelled MYMUAC HACA.
   720 | D:1      | 720 ||| DROPPING scroll of poison.
   761 | D:2      | Reached skill level 1 in Armour
   772 | D:2      | 772 ||| STAIRDANCE
  1013 | D:2      | Reached XP level 4. HP: 22/26 MP: 5/5
  1318 | D:2      | Reached skill level 4 in Ranged Weapons
  1696 | D:2      | 1696 ||| READING 3 scrolls of enchant armour.
  1696 | D:2      | 1696 ||| ENCHANTING +0 pair of boots.
  1697 | D:2      | 1697 ||| READING 2 scrolls of enchant armour.
  1697 | D:2      | 1697 ||| ENCHANTING +1 pair of boots.
  1747 | D:2      | 1747 ||| DROPPING +1 pair of boots.
  1748 | D:2      | 1748 ||| READING scroll labelled ELEL IXZASE.
  1849 | D:2      | 1849 ||| READING scroll labelled IPLYPH TANEUS.
  1929 | D:3      | Found a white marble altar of Elyvilon.
  1955 | D:3      | Reached XP level 5. HP: 26/30 MP: 6/6
  2017 | D:3      | Noticed Grinder
  2025 | D:3      | Paralysed by Grinder for 2 turns
  2035 | D:3      | HP: 6/30 [Grinder (6)]
  2041 | D:3      | 2041 ||| FLEEEEING.
  2041 | D:3      | Paralysed by Grinder for 2 turns
  2043 | D:3      | 2043 ||| FLEEEEING.
  2044 | D:3      | 2044 ||| FLEEEEING.
  2045 | D:3      | 2045 ||| FLEEEEING.
  2052 | D:3      | 2052 ||| FLEEEEING.
  2053 | D:3      | 2053 ||| FLEEEEING.
  2054 | D:3      | 2054 ||| FLEEEEING.
  2055 | D:3      | 2055 ||| FLEEEEING.
  2056 | D:3      | 2056 ||| FLEEEEING.
  2057 | D:3      | 2057 ||| FLEEEEING.
  2058 | D:3      | 2058 ||| FLEEEEING.
  2059 | D:3      | 2059 ||| FLEEEEING.
  2072 | D:3      | 2072 ||| FLEEEEING.
  2073 | D:3      | 2073 ||| FLEEEEING.
  2074 | D:3      | 2074 ||| FLEEEEING.
  2074 | D:3      | Paralysed by Grinder for 5 turns
  2086 | D:3      | Paralysed by Grinder for 4 turns
  2094 | D:3      | Paralysed by Grinder for 3 turns
  2098 | D:3      | HP: 7/30 [Grinder (3)]
  2099 | D:3      | HP: 2/30 [Grinder (3)]
  2100 | D:3      | Slain by Grinder

Levels and vault maps discovered:
D:1:      evilmike_arrival_plus, layout_loops_ring
D:2:      layout_basic
D:3:      layout_basic, mainiacjoe_overflow_alcove_1, uniq_grinder

Skill      XL: |  1  2  3  4 |
---------------+-------------+-----
Ranged Weapons | 3 4 |  4.8
Fighting       | 2 |  2.0
Armour         | 1 |  1.0
Dodging        | |  1.5
Spellcasting   | |  1.0
Hexes          | |  2.6

Action                     |  1- 3 |  4- 6 || total
---------------------------+-------+-------++-------
   Fire: Sling             |    95 |   184 ||   279
    Use: Scroll            |     4 |     4 ||     8
 Armour: Robe              |    19 |       ||    19
         Ring mail         |     9 |    85 ||    94
  Dodge: Dodged            |    40 |    71 ||   111

Table legend:
 A = Non-vault XP
 B = Vault XP
 C = Vault XP percentage of total XP
 D = Non-vault monster count
 E = Vault monster count
 F = Vault count percentage of total count
                 A         B        C        D         E       F
            +---------+---------+-------+---------+---------+-------
      Total |     196 |       0 |   0.0 |      60 |       0 |   0.0
            +---------+---------+-------+---------+---------+-------
        D:1 |      47 |       0 |   0.0 |      24 |       0 |   0.0
        D:2 |      95 |       0 |   0.0 |      23 |       0 |   0.0
        D:3 |      54 |       0 |   0.0 |      13 |       0 |   0.0
            +---------+---------+-------+---------+---------+-------
